 Dungeon Crawl Stone Soup version 0.26-b1-59-ge38874ec40 (webtiles) character file.

Game seed: 15391743643724484242

224 lastplaneout the Chopper (level 5, -1/45 HPs)
             Began as a Minotaur Fighter on Jan 9, 2021.
             Slain by Grinder (3 damage)
             ... on level 3 of the Dungeon.
             The game lasted 00:06:16 (2329 turns).

lastplaneout the Chopper (Minotaur Fighter)         Turns: 2329, Time: 00:06:16

Health: -1/45      AC:  6    Str: 22    XL:     5   Next: 67%
Magic:  4/4        EV:  7    Int:  5    God:
Gold:   123        SH:  9    Dex:  9    Spells: 4/4 levels left

rFire    . . .     SeeInvis .   a - +0 war axe
rCold    . . .     Faith    .   c - +0 kite shield
rNeg     . . .     Spirit   .   b - +0 scale mail
rPois    .         Reflect  .   (helmet restricted)
rElec    .         Harm     .   (no cloak)
rCorr    .         Rampage  .   (no gloves)
Will     .....                  (no boots)
Stlth    ..........             (no amulet)
HPRegen  0.15/turn              (no ring)
MPRegen  0.09/turn              (no ring)

@: mighty, hasted, very quick
A: retaliatory headbutt, horns 2
a: no special abilities


You were on level 3 of the Dungeon.
You visited 1 branch of the dungeon, and saw 3 of its levels.

You collected 123 gold pieces.

Inventory:

Hand Weapons
 a - a +0 war axe (weapon)
Armour
 b - a +0 scale mail (worn)
 c - a +0 kite shield (worn)
Jewellery
 i - a cursed amulet of inaccuracy {unknown}
Scrolls
 g - a scroll of enchant armour {unknown}
 h - a scroll of identify {unknown}
 j - a scroll of enchant weapon {unknown}
 k - a scroll of fear {unknown}
 m - 2 scrolls of amnesia {unknown}
 p - 2 scrolls of blinking {unknown}
 r - 2 scrolls of teleportation {unknown}
 t - a scroll of immolation {unknown}
 u - a scroll of remove curse {unknown}
Potions
 d - a potion of might
 e - 2 potions of haste
 f - 2 potions of curing {unknown}
 l - a potion of berserk rage {unknown}
 n - a potion of lignification {unknown}
 o - 2 potions of degeneration {unknown}
 q - a potion of brilliance {unknown}
 s - 2 potions of heal wounds {unknown}
 v - a potion of cancellation {unknown}


   Skills:
 - Level 3.6 Fighting
 + Level 7.3 Axes
 - Level 3.6 Armour
 - Level 3.6 Shields


You had 4 spell levels left.
You didn't know any spells.
Your spell library was empty.

Dungeon Overview and Level Annotations

Branches:
Dungeon (3/15)

Altars:
Vehumet
Zin

Annotations:
D:3 Grinder, Natasha


Innate Abilities, Weirdness & Mutations

You reflexively headbutt those who attack you in melee.
You have a pair of horns on your head.


Message History

You hit Grinder.
Grinder is heavily wounded.
Grinder zaps a wand.
The puff of flame hits you!
* * * LOW HITPOINT WARNING * * *
It was a potion of haste.
You feel yourself speed up.
Grinder blinks!
Natasha growls.
You feel very mighty all of a sudden. Grinder gestures at you.
You suddenly lose the ability to move!
The ooze barely misses you.
Natasha casts a spell.
Grinder hits you but does no damage. The ooze hits you but does no damage.
Natasha mumbles some strange words.
Grinder gestures at you.
You shrug off the repeated paralysis!
The ooze hits you.
* * * LOW HITPOINT WARNING * * *
You can move again.
You hit Grinder.
Grinder is severely wounded.
Your shield prevents you from hitting the ooze.
Grinder hits you.
You die...

#..# #.# #.# #..#
#.# #.# #..#
#.###'#### #
#..####........#
#.#..............#
#................#
#####
####.####........#
....5.####.#
#..........
...5.hJ@5..#
#.#########
......######
#.#........ .....
#.#.####### ....
#.#.......# ...
#.#....##.# ..
#.#....##.# .
#.#....##.#
#.#..†.##.#
#.#....'..#


You could see Grinder, Natasha, 2 crimson imps and an ooze.

Vanquished Creatures
  A bullfrog (D:3)
  Jessica (D:3)
  3 adders
  An ooze (D:1)
  4 worms (D:2)
  5 dart slugs
  8 leopard geckos
  6 orcs (D:3)
  6 bats
  A giant cockroach (D:2)
  8 goblins
  6 hobgoblins
  2 ball pythons (D:1)
  A ball python skeleton (D:3)
  4 frilled lizards (D:1)
  5 kobolds
  12 rats
74 creatures vanquished.

Notes
Turn   | Place    | Note
-------+----------+-------------------------------------------
     0 | D:1      | lastplaneout the Minotaur Fighter began the quest for the
                  | Orb.
     0 | D:1      | Reached XP level 1. HP: 19/19 MP: 0/0
     2 | D:1      | You fall into a shaft and drop 1 floor!
    44 | D:2      | Reached skill level 3 in Axes
    50 | D:2      | Reached XP level 2. HP: 26/26 MP: 1/1
    90 | D:2      | Found a glowing silver altar of Zin.
   232 | D:2      | Reached skill level 4 in Axes
   329 | D:1      | Reached XP level 3. HP: 31/31 MP: 2/2
   751 | D:1      | Reached skill level 5 in Axes
  1085 | D:2      | Reached XP level 4. HP: 18/39 MP: 3/3
  1467 | D:2      | Found a radiant altar of Vehumet.
  1988 | D:3      | Reached skill level 6 in Axes
  2101 | D:3      | Noticed Jessica
  2113 | D:3      | Killed Jessica
  2114 | D:3      | Reached XP level 5. HP: 45/45 MP: 4/4
  2309 | D:3      | Noticed Grinder
  2309 | D:3      | Noticed Natasha
  2323 | D:3      | Reached skill level 7 in Axes
  2326 | D:3      | Paralysed by Grinder for 2 turns
  2328 | D:3      | HP: 2/45 [ooze (2)]
  2329 | D:3      | Slain by Grinder

Illustrated notes

Levels and vault maps discovered:
D:1:      heliophobic_arrival_henge, layout_loops_ring
D:2:      layout_loops_ring, nicolae_overflow_hidden_temple, lemuel_tele_altar
D:3:      layout_basic, uniq_grinder, uniq_natasha, uniq_jessica

Skill      XL: |  1  2  3  4  5 |
---------------+----------------+-----
Axes           | 3 4 5 6 7 |  7.3
Fighting       | |  3.6
Armour         | |  3.6
Shields        | |  3.6

Action                   |  1- 3 |  4- 6 || total
-------------------------+-------+-------++-------
Melee: War axe           |    89 |    76 ||   165
       Headbutt          |     8 |    11 ||    19
  Use: Potion            |       |     2 ||     2
Armor: Scale mail        |    39 |    26 ||    65
Dodge: Dodged            |    30 |     8 ||    38
Block: Kite shield       |    35 |    39 ||    74
